 Dungeon Crawl Stone Soup version 0.30.1-11-g7821555f0a (webtiles) character file.

Game seed: 17048103848405745815

535 Wiggles the Chopper (level 7, 0/61 HPs)
             Began as a Minotaur Berserker on Dec 8, 2023.
             Was a Priest of Trog.
             Slain by an ogre
             ... wielding a +0 giant club
              (28 damage)
             ... on level 4 of the Dungeon.
             The game lasted 00:04:51 (3492 turns).

Wiggles the Chopper (Minotaur Berserker)            Turns: 3492, Time: 00:04:52

Health: 0/61       AC: 12    Str: 24    XL:     7   Next: 4%
Magic:  6/6        EV:  5    Int:  4    God:    Trog [***...]
Gold:   176        SH: 10    Dex:  9    Spells: 6/6 levels left

rFire   + . .        a - +0 hand axe
rCold   + . .        h - +0 tower shield
rNeg    . . .        v - +0 plate armour
rPois   .            (helmet restricted)
rElec   .            m - scarf {rC+ rF+}
rCorr   .            (no gloves)
SInv    .            (no boots)
Will    .....        (no amulet) Stlth
                     (no ring)
HPRegen 0.30/turn    (no ring)
MPRegen 0.10/turn

%: no passive effects
@: no status effects
A: horns 2, retaliatory headbutt
a: Renounce Religion, Berserk, Trog's Hand


You were on level 4 of the Dungeon.
You worshipped Trog.
Trog was most pleased with you.
You visited 1 branch of the dungeon, and saw 4 of its levels.

You collected 176 gold pieces.

Inventory:

Hand Weapons
 a - a +0 hand axe (weapon)
Armour
 h - a +0 tower shield (worn)
 m - a scarf of resistance (worn)
 v - a +0 plate armour (worn)
Jewellery
 u - a ring of ice
Wands
 o - a wand of iceblast (6)
 s - a wand of flame (8)
Scrolls
 c - 4 scrolls of identify {unknown}
 f - a scroll of fear {unknown}
 g - a scroll of torment {unknown}
 i - 4 scrolls of magic mapping {unknown}
 j - 2 scrolls of amnesia {unknown}
 n - a scroll of fog {unknown}
 p - a scroll of noise {unknown}
 r - 2 scrolls of acquirement {unknown}
Potions
 b - a potion of degeneration {unknown}
 d - a potion of attraction {unknown}
 e - 2 potions of curing {unknown}
 k - a potion of brilliance {unknown}
 l - a potion of magic {unknown}
 q - 2 potions of heal wounds {unknown}
 t - a potion of berserk rage {unknown}


   Skills:
 + Level 5.0 Fighting
 + Level 6.6 Axes
 + Level 4.6 Armour
 + Level 3.9 Dodging
 + Level 0.4 Stealth
 + Level 2.1 Shields


You had 6 spell levels left.
You didn't know any spells.
Your spell library was empty.

Dungeon Overview and Level Annotations

Branches:
Dungeon (4/15)
 Temple: D:4-7

Altars:
Ru


Innate Abilities, Weirdness & Mutations

You have a pair of horns on your head.
You reflexively headbutt those who attack you in melee.


Message History

Found a rapier.
Unknown command.
There is a collapsed entrance here.
You can't go down here!
A hobgoblin comes into view.
The hobgoblin shouts!
You barely miss the hobgoblin. You block the hobgoblin's attack.
The hobgoblin hits you but does no damage.
You slash the hobgoblin!
You kill the hobgoblin!
Trog accepts your kill.
No target in view!
No target in view!
You see here a hobgoblin corpse.
You see here a hobgoblin corpse.
You open the door.
There is an open door here.
Found a stone staircase leading down.
There is a stone staircase leading down here.
Found a stone staircase leading down.
Found 4 stones.
An orc and an ogre come into view.
The orc is wielding a +2 trident of venom.
The ogre shouts!
You block the ogre's attack.
You slash the ogre!
The ogre is moderately wounded.
The ogre hits you with a +0 giant club!
You hit the ogre but do no damage.
The ogre is moderately wounded.
You block the orc's attack.
You barely miss the ogre.
The ogre is moderately wounded.
The ogre hits you with a +0 giant club!!
The orc hits you from afar with a +2 trident of venom.
You block the orc's attack.
You barely miss the ogre. Your headbutt misses the ogre.
The ogre is moderately wounded.
The ogre hits you with a +0 giant club!!
You die...

#####################
#.....>.............#
#.#################.#
#.##### ########.###
#.#...# #...O@.....#
#.#.#.# .........o...#
#.#.#.# ........>....#
#.#.#.# ......(.........
#.#.#.# .................
'.#.#.#.#...##########....
#.#.#.#.#... ....
###.#.#.#.. ... ....#.#.#


You could see an ogre and an orc.

Vanquished Creatures
  Sigmund (D:4)
  An ogre (D:4)
  A phantom (D:4)
  An orc priest (D:4)
  2 orc wizards (D:3)
  2 gnolls (D:1)
  3 adders
  A worm (D:3)
  4 dart slugs
  10 orcs
  5 endoplasms
  5 giant cockroaches
  9 goblins
  5 hobgoblins
  7 jackals
  5 kobolds
  3 quokkas
  5 ball pythons
  3 bats
  7 frilled lizards
  7 rats
87 creatures vanquished.

Notes
Turn   | Place    | Note
-------+----------+-------------------------------------------
     0 | D:1      | Wiggles the Minotaur Berserker began the quest for the Orb.
     0 | D:1      | Reached XP level 1. HP: 19/19 MP: 0/0
    71 | D:1      | Reached skill level 4 in Axes
    71 | D:1      | Reached XP level 2. HP: 27/27 MP: 1/1
   436 | D:1      | Reached XP level 3. HP: 34/34 MP: 2/2
   884 | D:2      | Reached XP level 4. HP: 40/41 MP: 3/3
   903 | D:2      | Reached ** piety under Trog
  1611 | D:2      | You fall into a shaft and drop 2 floors!
  2001 | D:3      | Reached skill level 5 in Axes
  2015 | D:3      | Reached XP level 5. HP: 16/47 MP: 4/4
  2260 | D:3      | Found a sacrificial altar of Ru.
  2704 | D:3      | Found a faded altar of an unknown god.
  2979 | D:4      | Noticed an ogre
  2990 | D:4      | Killed an ogre
  2991 | D:4      | Reached skill level 6 in Axes
  2991 | D:4      | Reached skill level 1 in Shields
  2991 | D:4      | Reached XP level 6. HP: 53/53 MP: 5/5
  3186 | D:4      | Reached *** piety under Trog
  3192 | D:4      | Noticed Sigmund
  3201 | D:4      | Killed Sigmund
  3218 | D:4      | Reached skill level 5 in Fighting
  3218 | D:4      | Reached XP level 7. HP: 52/61 MP: 6/6
  3492 | D:4      | Slain by an ogre

Illustrated notes

Levels and vault maps discovered:
D:1:      ncdulo_lavacross, layout_loops_cross
D:2:      layout_basic
D:3:      layout_loops_ring, mainiacjoe_overflow_paths,
          hellmonk_ecumenical_altar_leap_of_faith, serial_aquarium,
          aquarium_bridge_square [aquarium_subvault_window,
          aquarium_subvault_balcony, aquarium_subvault_bridge,
          aquarium_subvault_balcony], aquarium_window_corridor_2,
          aquarium_window_fake, aquarium_window_2, aquarium_window_fake,
          aquarium_view_2g, aquarium_view_2c, grunt_ministairs_5,
          minmay_bisected
D:4:      layout_basic, old_standard_altar, temple_fountains,
          nicolae_ossuary_entry_ruins, uniq_sigmund

Skill      XL: |  1  2  3  4  5  6 |
---------------+-------------------+-----
Fighting       | 4 5 |  5.0
Axes           | 4 5 6 |  6.6
Armour         | 3 4 |  4.6
Dodging        | 3 |  3.9
Shields        | 1 2 |  2.1
Stealth        | |  0.4

Action                     |  1- 3 |  4- 6 |  7- 9 || total
---------------------------+-------+-------+-------++-------
  Melee: Hand axe          |    61 |   133 |     6 ||   200
         Headbutt          |     8 |    13 |       ||    21
 Invoke: Berserk           |     2 |     2 |       ||     4
   Stab: Sleeping          |     1 |       |       ||     1
 Armour: Leather armour    |    12 |     3 |       ||    15
         Animal skin       |     1 |       |       ||     1
         Ring mail         |       |    39 |       ||    39
         Plate armour      |       |       |     1 ||     1
  Dodge: Dodged            |    50 |    46 |       ||    96
  Block: Tower shield      |     2 |    65 |     4 ||    71
